 Dungeon Sprint DCSS version 0.30-a0-177-g1cb5dbfd7a (webtiles) character file.

Game seed: 528848539087091565

25875 hellse the Sorcerer (level 12, -15/68 HPs)
             Began as a Deep Elf Conjurer on Oct 2, 2022.
             Was the Champion of Vehumet.
             Demolished by a spriggan defender
             ... wielding a +0 dagger
              (16 damage)
             ... in the Dungeon (Sprint III: "The Ten Rune Challenge").
             The game lasted 00:12:28 (2655 turns).

hellse the Sorcerer (Deep Elf Conjurer)             Turns: 2655, Time: 00:12:29

Health: -15/68     AC:  8    Str:  4    XL:     12   Next: 93%
Magic:  21/40      EV: 13    Int: 32    God:    Vehumet [******]
Gold:   926        SH:  0    Dex: 21    Spells: 17/55 levels left

rFire   . . .      SeeInvis +    (no weapon)
rCold   . . .      Faith    .    (no shield)
rNeg    . . .      Spirit   .    q - +1 robe {Archmagi}
rPois   +          Reflect  .    v - +1 helmet {Int+3}
rElec   .          Harm     .    (no cloak)
rCorr   .          Rampage  .    (no gloves)
Will    +....      Archmagi +    h - +2 pair of boots of Untold Secrets {rPois Dex+8 Slay-4 SInv}
Stlth   ++........ NoTele   +    (no amulet)
HPRegen 0.31/turn                g - ring of flight
MPRegen 0.27/turn                (no ring)

@: flying
A: no striking features
a: Renounce Religion


You were in the Dungeon.
You worshipped Vehumet.
Vehumet was exalted by your worship.
You visited 1 branch You collected 2730 gold pieces.
You spent 1804 gold pieces at shops.

Inventory:

Armour
 a - a +0 robe
 h - the +2 pair of boots of Untold Secrets (worn) {rPois Dex+8 Slay-4 SInv}
   (You bought it in a shop in the Dungeon)

   Dex:       It affects your dexterity (+8).
   Slay:      It affects your accuracy & damage with ranged weapons and melee
   (-4).
   rPois:     It protects you from poison.
   SInv:      It lets you see invisible.
 q - a +1 robe of the Archmagi (worn)
 u - a +2 robe of cold resistance
 v - a +1 helmet of intelligence (worn)
Jewellery
 g - a ring of flight (left hand)
Wands
 n - a wand of digging (2)
Scrolls
 i - a scroll of summoning
 j - a scroll of torment
 l - a scroll of immolation
 r - a scroll of vulnerability
 s - a scroll of magic mapping {unknown}
 t - a scroll of acquirement {unknown}
Potions
 b - 3 potions of magic
 c - a potion of curing
 d - 2 potions of heal wounds
 e - a potion of haste
 f - a potion of berserk rage
 k - 3 potions of flight
 m - 6 potions of mutation
 o - 2 potions of might
Miscellaneous
 p - a lightning rod (4/4)


   Skills:
 - Level 5.4 Fighting
 - Level 2.4 Dodging
 - Level 2.4 Stealth
 - Level 22.1 Spellcasting
 - Level 13.1 Conjurations
 + Level 11.1 Fire Magic
 - Level 21.2 Earth Magic


You had 17 spell levels left.
You knew the following spells:

 Your Spells              Type           Power      Damage    Failure   Level
a - Magic Dart            Conj           100%       1d8       0%          1
b - Searing Ray           Conj           100%       2d8       0%          2
c - Dazzling Flash        Conj/Hex       100%       N/A       1%          3
d - Iskenderun's Mystic   Conj/Tloc      86%        2d17      1%          4
e - Lee's Rapid Deconstr  Erth           65%        3d31*     0%          5
f - Flame Wave            Conj/Fire      100%       2d21      1%          4
g - Fireball              Conj/Fire      53%        3d21      1%          5
h - Starburst             Conj/Fire      53%        6d14      1%          6
i - Ignition              Fire           51%        3d14      16%         8

Your spell library contained the following spells:

 Spells                   Type           Power      Damage    Failure   Level
 Beastly Appendage        Tmut           100%       N/A       1%          1
 Wereblood                Tmut           52%        N/A       1%          2
 Ignite Poison            Fire/Tmut/Pois 73%        N/A       1%          3
 Kindle Blastsparks       Fire/Tloc/Air  100%       2d18      1%          3
 Fulminant Prism          Conj/Hex       43%        3d20      1%          4
 Sticky Flame             Conj/Fire      100%       2d11      1%          4
 Spider Form              Tmut/Pois      52%        N/A       2%          3


Dungeon Overview and Level Annotations

Branches:
Dungeon (1/1)

Altars:
Cheibriados
Dithmenos
Elyvilon
Fedhas
Gozag
Hepliaklqana
Kikubaaqudgha
Makhleb
Nemelex Xobeh
Okawaru
Qazlal
Ru
Sif Muna
Trog
Uskayaw
Vehumet
Wu Jian
Xom
Yredelemnul
Zin
The Shining One
Jiyva
Lugonu

Shops:
D *(!=:?(![:*:


Message History

The spriggan defender is almost dead.
The spriggan defender barely misses you.
The spriggan defender hits you with a +0 dagger.
The spriggan defender completely misses the plant.
Your Fire Magic skill increases to level 11!
Unknown command.
Unknown command.
Casting: Fireball (safe; 1% risk of failure)
Confirm with . or Enter, or press ? or * to list all spells.
Casting: Starburst (dangerous; 1% risk of failure)
Press: ? - help, Dir - look around, f - activate You feel a surge of power!
The bolt of fire misses the spriggan defender.
The bolt of fire hits the plant!!!
The plant is moderately damaged.
The bolt of fire hits the plant!!!
The plant is heavily damaged.
The bolt of fire misses the spriggan defender.
The spriggan defender hits you with a +0 dagger! x2
The spriggan defender hits the plant with a +0 dagger!
The spriggan defender hits you with a +0 dagger!!
Unknown command.
Unknown command.
Unknown command.
Unknown command.
Casting: Starburst (dangerous; 1% risk of failure)
Confirm with . or Enter, or press ? or * to list all spells.
Casting: Starburst (dangerous; 1% risk of failure)
Press: ? - help, Dir - look around, f - activate You feel a surge of power!
The bolt of fire misses the spriggan defender.
The bolt of fire hits the spriggan defender!!!
You kill the spriggan defender!
Vehumet accepts your kill.
You feel your power returning.
The bolt of fire hits the plant!!
The plant is heavily damaged.
The spriggan defender hits you with a +0 dagger!!
* * * LOW HITPOINT WARNING * * *
The spriggan defender hits you with a +0 dagger!
You die...

#.....# #'#####
#.....+
#.#########
#.#$PP.....
#.#PP.§i..########
#.#P§§..###.∩⌠⌠∩.#
#.#ii§###.#.∩⌠⌠∩.#
#.#@###...#.∩∩∩∩.#
#.#§#.....#.∩∩.∩.#
#.#§§§....#......#
#.#§§§....###''###
#.......).#.⌠..⌠.#
#########.#......#
#.#.#.#.#........#
#................#
#................#


You could see 2 spriggan defenders.

Vanquished Creatures
  Sigmund (D)
  Erica (D)
  A centaur warrior (D)
  4 orc high priests (D)
  An orange crystal statue (D)
  A deep elf pyromancer (D)
  4 crystal guardians (D)
  2 orc sorcerers (D)
  4 statues (D)
  Edmund (D)
  2 cane toads (D)
  A rime drake (D)
  An unseen horror (D)
  A komodo dragon (D)
  A queen bee (D)
  3 wandering mushrooms (D)
  2 spriggan defenders (D)
  5 blink frogs (D)
  A shadow (D)
  A spatial vortex (D)
  An orc warrior (D)
  A swamp drake (D)
  2 centaurs (D)
  An earth elemental (D)
  A scorpion (D)
  A necrophage (D)
  A water elemental (D)
  32 killer bees (D)
  5 orc priests (D)
  A jelly (D)
  Jessica (D)
  An orc wizard (D)
  A wizard (D)
  A necromancer (D)
  A kobold demonologist (D)
  3 humans (D)
  9 orcs (D)
  2 endoplasms (D)
103 creatures vanquished.

Vanquished Creatures (others)
  6 plants (D)
6 creatures vanquished.

Grand Total: 109 creatures vanquished

Notes
Turn   | Place    | Note
-------+----------+-------------------------------------------
     0 | D        | hellse the Deep Elf Conjurer began the quest for the Orb.
     0 | D        | Reached XP level 1. HP: 10/10 MP: 6/6
    13 | D        | Reached skill level 4 in Spellcasting
    59 | D        | Noticed Jessica
    63 | D        | Killed Jessica
    64 | D        | Reached skill level 6 in Spellcasting
    64 | D        | Reached XP level 2. HP: 15/15 MP: 3/11
    64 | D        | Reached XP level 3. HP: 19/19 MP: 3/12
    67 | D        | Learned a level 2 spell: Searing Ray
    71 | D        | Learned a level 3 spell: Dazzling Flash
   145 | D        | Reached skill level 7 in Spellcasting
   208 | D        | Noticed a scorpion
   211 | D        | Killed a scorpion
   212 | D        | Reached skill level 9 in Spellcasting
   212 | D        | Reached XP level 4. HP: 11/24 MP: 7/17
   299 | D        | Learned a level 4 spell: Iskenderun's Mystic Blast
   300 | D        | Noticed a water elemental
   308 | D        | Killed a water elemental
   309 | D        | Reached skill level 10 in Spellcasting
   309 | D        | Reached XP level 5. HP: 28/28 MP: 6/19
   390 | D        | Found a radiant altar of Vehumet.
   390 | D        | Found a shimmering blue altar of Sif Muna.
   390 | D        | Found an ancient bone altar of Kikubaaqudgha.
   394 | D        | Reached skill level 11 in Spellcasting
   394 | D        | Reached skill level 10 in Conjurations
   400 | D        | Became a worshipper of Vehumet
   451 | D        | Found a basalt altar of Yredelemnul.
   451 | D        | Found a shadowy altar of Dithmenos.
   451 | D        | Found a sacrificial altar of Ru.
   478 | D        | Reached skill level 12 in Spellcasting
   478 | D        | Reached XP level 6. HP: 27/32 MP: 0/23
   629 | D        | Found a glowing silver altar of Zin.
   629 | D        | Found a glowing golden altar of the Shining One.
   629 | D        | Found a white marble altar of Elyvilon.
   629 | D        | Noticed a deep elf pyromancer
   633 | D        | Killed a deep elf pyromancer
   633 | D        | Reached * piety under Vehumet
   633 | D        | Offered knowledge of Sandblast by Vehumet.
   634 | D        | Reached skill level 14 in Spellcasting
   634 | D        | Reached XP level 7. HP: 36/36 MP: 12/27
   644 | D        | Learned a level 5 spell: Lee's Rapid Deconstruction
   708 | D        | Found a hide-covered altar of Uskayaw.
   708 | D        | Found an iron altar of Okawaru.
   708 | D        | Found a bloodstained altar of Trog.
   708 | D        | Found an ornate altar of the Wu Jian Council.
   708 | D        | Noticed a human
   708 | D        | Noticed a human
   714 | D        | Killed a human
   715 | D        | Reached skill level 5 in Earth Magic
   715 | D        | Killed a human
   803 | D        | Noticed a shadow
   806 | D        | Killed a shadow
   806 | D        | Reached ** piety under Vehumet
   806 | D        | Offered knowledge of Foxfire by Vehumet.
   807 | D        | Reached XP level 8. HP: 41/41 MP: 18/28
   871 | D        | Found a blossoming altar of Fedhas.
   871 | D        | Found a stormy altar of Qazlal.
   872 | D        | Found a snail-covered altar of Cheibriados.
   872 | D        | Found a burning altar of Makhleb.
   872 | D        | Found a hazy altar of Hepliaklqana.
   872 | D        | Found a shimmering altar of Xom.
   872 | D        | Found an opulent altar of Gozag.
   872 | D        | Found a sparkling altar of Nemelex Xobeh.
   872 | D        | Found a corrupted altar of Lugonu.
   872 | D        | Found a viscous altar of Jiyva.
  1029 | D        | Noticed Erica
  1036 | D        | Killed Erica
  1036 | D        | Offered knowledge of Static Discharge by Vehumet.
  1250 | D        | Reached *** piety under Vehumet
  1282 | D        | Noticed an orc sorcerer
  1283 | D        | Offered knowledge of Flame Wave by Vehumet.
  1284 | D        | Reached skill level 1 in Fighting
  1284 | D        | Reached XP level 9. HP: 47/47 MP: 24/29
  1284 | D        | Reached **** piety under Vehumet
  1284 | D        | Killed an orc sorcerer
  1284 | D        | Noticed an orc high priest
  1285 | D        | Noticed an orc sorcerer
  1287 | D        | Killed an orc high priest
  1288 | D        | Reached skill level 5 in Fighting
  1289 | D        | Reached ***** piety under Vehumet
  1289 | D        | Killed an orc sorcerer
  1290 | D        | Reached skill level 15 in Earth Magic
  1443 | D        | Learned a level 4 spell: Flame Wave
  1454 | D        | Offered knowledge of Frozen Ramparts by Vehumet.
  1462 | D        | Found Leih's Assorted Antiques.
  1467 | D        | Bought a notched wooden ring for 100 gold pieces
  1467 | D        | Bought a glowing robe for 74 gold pieces
  1467 | D        | Bought a scroll labelled LULEJU VUIH for 20 gold pieces
  1467 | D        | Bought a scroll labelled XEUCAI EZIDOLAMP for 20 gold
                  | pieces
  1467 | D        | Bought a scroll labelled BELOUTWYPOA for 20 gold pieces
  1467 | D        | Bought a scroll labelled TOQOGUHUIDA for 20 gold pieces
  1528 | D        | Noticed a centaur warrior
  1532 | D        | Killed a centaur warrior
  1533 | D        | Reached XP level 10. HP: 59/59 MP: 22/30
  1535 | D        | Reached skill level 15 in Spellcasting
  1549 | D        | Reached ****** piety under Vehumet
  1623 | D        | Offered knowledge of Sticky Flame by Vehumet.
  1652 | D        | Reached skill level 16 in Spellcasting
  1736 | D        | Noticed a cane toad
  1736 | D        | Noticed a cane toad
  1737 | D        | Killed a cane toad
  1739 | D        | Killed a cane toad
  1740 | D        | Reached skill level 17 in Spellcasting
  1838 | D        | Offered knowledge of Conjure Ball Lightning by Vehumet.
  1842 | D        | Reached skill level 18 in Spellcasting
  1959 | D        | Reached XP level 11. HP: 64/64 MP: 32/35
  1962 | D        | Reached skill level 19 in Spellcasting
  2046 | D        | Noticed Sigmund
  2046 | D        | Noticed Edmund
  2051 | D        | Killed Sigmund
  2052 | D        | Reached skill level 20 in Spellcasting
  2052 | D        | Killed Edmund
  2164 | D        | Offered knowledge of Spellforged Servitor by Vehumet.
  2183 | D        | Reached skill level 21 in Spellcasting
  2309 | D        | Noticed an orange crystal statue
  2311 | D        | Killed an orange crystal statue
  2317 | D        | Noticed a crystal guardian
  2318 | D        | Killed a crystal guardian
  2320 | D        | Noticed a crystal guardian
  2321 | D        | Killed a crystal guardian
  2327 | D        | Noticed a crystal guardian
  2337 | D        | Noticed a crystal guardian
  2338 | D        | Killed a crystal guardian
  2463 | D        | Found Yhexue's Antique Weapon Emporium.
  2463 | D        | Found Wosua's Book Boutique.
  2463 | D        | Found Joteocunn's Book Shoppe.
  2463 | D        | Found Cozew's Magic Scroll Boutique.
  2463 | D        | Found Ohophoph's Distillery.
  2463 | D        | Found Uvvu's Jewellery Shoppe.
  2463 | D        | Found Moso Zay's General Store.
  2463 | D        | Found Vifuojir's Distillery.
  2463 | D        | Found Qoozah's Book Emporium.
  2463 | D        | Found Huch's Antique Weapon Emporium.
  2463 | D        | Found Lyrhewni's Antique Armour Boutique.
  2488 | D        | Killed a crystal guardian
  2488 | D        | Offered knowledge of Fireball by Vehumet.
  2489 | D        | Reached skill level 22 in Spellcasting
  2495 | D        | Learned a level 5 spell: Fireball
  2495 | D        | Bought a book of Spectacle for 352 gold pieces
  2502 | D        | Learned a level 6 spell: Starburst
  2503 | D        | Bought a potion of experience for 550 gold pieces
  2504 | D        | Reached XP level 12. HP: 68/68 MP: 38/40
  2505 | D        | Bought an Everburning Encyclopedia for 360 gold pieces
  2514 | D        | Learned a level 8 spell: Ignition
  2515 | D        | Bought a pair of faintly glowing boots for 161 gold pieces
  2515 | D        | Identified the +2 pair of boots of Untold Secrets {rPois
                  | Dex+8 Slay-4 SInv} (You bought it in a shop in the Dungeon)
  2515 | D        | Bought a shiny helmet for 127 gold pieces
  2550 | D        | Reached skill level 10 in Fire Magic
  2655 | D        | HP: 1/68 [spriggan defender/+0 dagger (21)]
  2655 | D        | Demolished by a spriggan defender

Illustrated notes

Levels and vault maps discovered:
D:        dungeon_sprint_mu [sprint_mu_entry_cave, sprint_mu_temple_rooms,
          sprint_mu_d1_horrors, sprint_mu_d2_genie, sprint_mu_d3_branching,
          sprint_mu_orc_legion, sprint_mu_elf_gauntlet, sprint_mu_hive_nellie,
          sprint_mu_lair_fedhas, sprint_mu_vaults_butterflies,
          sprint_mu_slime_circle, sprint_mu_swamp_cave, sprint_mu_snake_twists,
          sprint_mu_blade_basic, sprint_mu_crypt_lich, sprint_mu_tomb_spiral,
          sprint_mu_vestibule_basic, sprint_mu_gehenna_hellfire,
          sprint_mu_dis_giant, sprint_mu_tartarus_statrot,
          sprint_mu_cocytus_islands, sprint_mu_zot1]

Skill      XL: |  1  2  3  4  5  6  7  8  9 10 11 12 |
---------------+-------------------------------------+-----
Spellcasting   | 6 9 10 12 14 18 22 | 22.1
Conjurations   | 6 8 9 10 13 | 13.1
Earth Magic    | 8 13 16 18 21 | 21.2
Fighting       | 1 5 |  5.4
Fire Magic     | 6 8 11 | 11.1
Dodging        | |  2.4
Stealth        | |  2.4

Action                   |  1- 3 |  4- 6 |  7- 9 | 10-12 || total
-------------------------+-------+-------+-------+-------++-------
 Cast: Magic Dart        |     9 |     1 |     1 |       ||    11
       Searing Ray       |     3 |     3 |     4 |     1 ||    11
       Dazzling Flash    |     1 |       |     1 |       ||     2
       Iskenderun's Myst |       |    10 |    14 |    21 ||    45
       Lee's Rapid Decon |       |       |    21 |    36 ||    57
       Fireball          |       |       |       |     2 ||     2
       Starburst         |       |       |       |     2 ||     2
Evoke: Lightning rod     |       |       |     3 |       ||     3
  Use: Scroll            |       |       |     1 |     4 ||     5
       Potion            |       |       |       |     1 ||     1
Armor: Robe              |       |       |     1 |       ||     1
Dodge: Dodged            |       |       |     4 |     6 ||    10

Table legend: (Time is in decaauts)
 A = Elapsed time spent in this place.
 B = Non-inter-level travel time spent in this place.
 C = Inter-level travel time spent in this place.
 D = Time resting spent in this place.
 E = Time spent auto-exploring this place.
 F = Levels seen in this place.
 G = Mean time per level.
                   A        B        C        D        E       F      G
               +--------+--------+--------+--------+--------+-----+--------+
         Total |   2665 |   2653 |     12 |   1854 |      0 |   1 | 2665.0 |
       Dungeon |   2665 |   2653 |     12 |   1854 |      0 |   1 | 2665.0 |
               +--------+--------+--------+--------+--------+-----+--------+

Top non-repeatable levels by time:
       D: 2665 daAuts
